AoeStats
← Morris=w=

African Clearing

510468413Analyzed
4v4 RM · 19h ago on Oct 1, 2026· 60m 52s· 8 players
Game mode
Random Map
Map size
Large (8 player)
Population
200
Speed
Normal
Resources
Standard
Victory
Conquest
Starting age
Dark Age
Ending age
Imperial Age
RankedLock teamsTeams togetherTeam positionsShared explorationLock speedFull tech treeHidden civsTurbo modeCheats
Victory
Defeat
🇺🇸 Magyars · United States
1633
+15
🇨🇳 Chinese · China
1617
+16
🇺🇸 Koreans · United States
1611
+16
🇭🇰 Saracens · Hong Kong SAR China
1590
+17
🇻🇳 Berbers · Vietnam
1659
-17
🇲🇽 Varangians · Mexico
1624
-17
🇲🇽 Vietnamese · Mexico
1594
-15
🇨🇳 Magyars · China
1576
-15
BomBomB0
5:48 Loom
13:05 Feudal Age
13:33 Double-Bit Axe
14:50 Town Watch
20:14 Scale Barding Armor
24:48 Wheelbarrow
30:54 Bloodlines
35:12 Castle Age
34:07 Gold Mining
35:47 Wheelbarrow
35:15 Light Cavalry
35:56 Husbandry
36:06 Bow Saw
37:22 Gold Shaft Mining
49:40 Hand Cart
49:56 Stone Mining
56:45 Imperial Age
56:52 Cavalier
58:57 Chain Barding Armor
61:09 Plate Barding Armor
嗚
14:05 Feudal Age
15:15 Double-Bit Axe
18:08 Castle Age
16:07 Fishing Lines
17:36 Loom
19:11 Gillnets
20:26 Fletching
21:32 Bow Saw
22:52 Bodkin Arrow
23:51 Gold Mining
25:05 Ballistics
26:59 Wheelbarrow
32:07 Hand Cart
32:32 Gold Shaft Mining
34:52 Thumb Ring
40:41 Imperial Age
38:51 Husbandry
40:49 Elite War Wagon
41:32 Bracer
42:34 Chemistry
42:33 Conscription
45:30 Two-Man Saw
45:05 Stone Mining
56:07 Stone Shaft Mining
Morris=w=
10:10 Loom
13:00 Feudal Age
17:09 Castle Age
15:44 Double-Bit Axe
18:19 Bow Saw
18:58 Town Watch
20:57 Horse Collar
25:18 Gold Mining
26:15 Scale Barding Armor
30:44 Bloodlines
31:35 Heavy Plow
32:49 Forging
32:46 Husbandry
36:41 Imperial Age
36:21 Gold Shaft Mining
36:59 Chain Barding Armor
37:15 Onager
39:03 Plate Barding Armor
39:51 Conscription
40:42 Wheelbarrow
41:47 Two-Man Saw
42:12 Iron Casting
43:29 Elite Mameluke
44:50 Hand Cart
46:01 Siege Onager
46:56 Light Cavalry
47:51 Bimaristan
49:42 Counterweights
50:37 Siege Engineers
50:43 Masonry
55:07 Hussar
57:34 Blast Furnace
Bz_青红
2:54 Loom
12:13 Feudal Age
13:02 Double-Bit Axe
14:45 Fletching
21:06 Castle Age
20:32 Town Watch
21:10 Crossbowman
21:46 Bodkin Arrow
36:03 Padded Archer Armor
42:06 Ballistics
43:17 Wheelbarrow
47:10 Imperial Age
44:56 Squires
46:28 Leather Archer Armor
46:04 Gold Mining
46:25 Bow Saw
48:02 Bracer
49:11 Chemistry
49:13 Conscription
48:25 Capped Ram
51:56 Elite Chu Ko Nu
54:26 Ring Archer Armor
54:27 Siege Ram
59:58 Bombard Tower
61:23 Masonry
60:59 Arrowslits
eL| Barry_Allen
6:18 Loom
14:02 Feudal Age
19:10 Castle Age
17:59 Double-Bit Axe
17:58 Horse Collar
20:02 Bloodlines
20:08 Bow Saw
23:28 Husbandry
26:01 Wheelbarrow
29:01 Forging
30:05 Town Watch
30:51 Scale Barding Armor
32:06 Chain Barding Armor
33:42 Iron Casting
34:30 Hand Cart
34:38 Stone Mining
39:10 Imperial Age
37:13 Heavy Plow
37:55 Gold Mining
38:53 Vendel Legacy
40:48 Plate Barding Armor
39:48 Elite Jarl
41:26 Conscription
42:14 Blast Furnace
44:04 Crop Rotation
44:35 Two-Man Saw
44:08 Fletching
45:26 Ballistics
45:17 Masonry
47:03 Bodkin Arrow
47:41 Architecture
51:45 Bracer
eL|Hooligan
9:33 Loom
15:02 Feudal Age
19:51 Castle Age
18:58 Double-Bit Axe
19:52 Fletching
27:42 Bodkin Arrow
31:03 Town Watch
31:53 Wheelbarrow
32:49 Squires
32:47 Gold Mining
33:10 Bow Saw
32:42 Horse Collar
34:00 Heavy Plow
34:20 Padded Archer Armor
34:45 Ballistics
40:13 Imperial Age
38:24 Leather Archer Armor
37:50 Treadmill Crane
38:06 Murder Holes
40:02 Clinker Construction
40:10 Masonry
40:12 Scale Mail Armor
40:22 Forging
40:33 Hand Cart
40:07 Elite Skirmisher
41:02 Bracer
41:22 Thumb Ring
40:49 Imperial Skirmisher
41:22 Arson
43:06 Chemistry
42:53 Chain Mail Armor
43:47 Guilds
43:29 Stone Mining
45:33 Two-Man Saw
46:28 Paper Money
46:08 Chatras
48:57 Ring Archer Armor
48:58 Plate Mail Armor
51:21 Elite Rattan Archer
59:48 Forging
59:45 Siege Engineers
59:28 Pikeman
系色望捏
11:54 Feudal Age
12:23 Double-Bit Axe
13:21 Loom
14:46 Horse Collar
19:43 Wheelbarrow
19:28 Scale Barding Armor
19:57 Bloodlines
24:56 Castle Age
25:14 Light Cavalry
25:57 Husbandry
26:17 Chain Barding Armor
27:24 Bow Saw
30:00 Fletching
31:51 Padded Archer Armor
33:11 Leather Archer Armor
33:46 Bodkin Arrow
33:40 Elite Skirmisher
33:58 Elite Skirmisher
35:04 Ballistics
39:09 Thumb Ring
41:50 Crossbowman
42:44 Thumb Ring
45:43 Imperial Age
43:48 Elite Skirmisher
45:08 Hand Cart
45:46 Imperial Skirmisher
46:31 Bracer
47:41 Chemistry
46:30 Crossbowman
48:20 Ring Archer Armor
ZiZi
11:48 Feudal Age
12:38 Double-Bit Axe
13:15 Horse Collar
14:08 Loom
21:37 Castle Age
19:44 Gold Mining
21:20 Scale Barding Armor
22:48 Chain Barding Armor
23:31 Bloodlines
24:48 Forging
32:49 Husbandry
38:22 Wheelbarrow
56:08 Imperial Age
55:20 Fletching
56:31 Bodkin Arrow
58:05 Hand Cart
59:04 Plate Barding Armor
59:39 Bracer
Connection lost

Rejoining the realm…

Still unreachable

The connection could not be restored.

Session expired

The server has moved on; the page needs a fresh start.